 Dungeon Crawl Stone Soup version 0.29.1-12-g30fa7ad0bf (webtiles) character file.

Game seed: 2952477431983481162

118 Peloso the Covered (level 4, -1/40 HPs)
             Began as a Minotaur Fighter on Dec 21, 2022.
             Slain by a gnoll
             ... wielding a +2 flail of holy wrath
             ... led by a gnoll bouda
              (8 damage)
             ... on level 4 of the Dungeon.
             The game lasted 00:03:42 (1522 turns).

Peloso the Covered (Minotaur Fighter)               Turns: 1522, Time: 00:03:42

Health: -1/40      AC: 11    Str: 21    XL:     4   Next: 72%
Magic:  3/3        EV:  7    Int:  5    God:
Gold:   64         SH:  4    Dex: 11    Spells: 3/3 levels left

rFire   . . .      SeeInvis .   a - +0 long sword
rCold   . . .      Faith    .   d - +0 buckler
rNeg    . . .      Spirit   .   c - +0 chain mail
rPois   .          Reflect  .   (helmet restricted)
rElec   .          Harm     .   (no cloak)
rCorr   .          Rampage  .   h - +0 pair of gloves
Will    .....                   (no boots)
Stlth   ..........              (no amulet)
HPRegen 0.13/turn               (no ring)
MPRegen 0.08/turn               (no ring)

@: no status effects
A: horns 2, retaliatory headbutt
a: no special abilities


You were on level 4 of the Dungeon.
You visited 1 branch of the dungeon, and saw 4 of its levels.

You collected 64 gold pieces.

Inventory:

Hand Weapons
 a - a +0 long sword (weapon)
Armour
 b - a +0 scale mail
 c - a +0 chain mail (worn)
 d - a +0 buckler (worn)
 h - a +0 pair of gloves (worn)
Jewellery
 l - a +6 ring of dexterity
Scrolls
 f - a scroll of poison {unknown}
 m - a scroll of enchant weapon {unknown}
 n - a scroll of summoning {unknown}
Potions
 e - a potion of might
 g - 2 potions of curing {unknown}
 i - a potion of mutation {unknown}
 j - 2 potions of flight {unknown}
 k - a potion of magic {unknown}


   Skills:
 + Level 4.2 Fighting
 + Level 4.2 Long Blades
 + Level 4.9 Armour
 + Level 0.1 Dodging
 + Level 4.0 Shields


You had 3 spell levels left.
You didn't know any spells.
Your spell library was empty.

Dungeon Overview and Level Annotations

Branches:
Dungeon (4/15)
 Temple: D:4-7

Altars:


Innate Abilities, Weirdness & Mutations

You have a pair of horns on your head.
You reflexively headbutt those who attack you in melee.


Message History

You kill the orc!
The hobgoblin hits you but does no damage.
The orc hits you but does no damage. x2
The hobgoblin hits you but does no damage.
The orc attacks as you move away! The orc hits you but does no damage.
The orc closely misses you. You furiously retaliate!
You headbutt the orc!
You kill the orc!
The hobgoblin hits you.
Things that are here:
a +0 war axe; a +0 whip; a gnoll corpse The orc attacks as you move away!
The orc barely misses you.
You barely miss the orc. Your headbutt misses the orc.
You block the orc's attack.
You hit the orc. Your headbutt misses the orc.
The orc is severely wounded.
The orc hits you but does no damage.
You slash the orc!
You kill the orc!
You hit the hobgoblin.
You kill the hobgoblin!
The gnoll bouda gazes fiercely through you!
You feel your attacks grow feeble.
You hit the gnoll bouda but do no damage.
You headbutt the gnoll bouda.
The gnoll bouda is lightly wounded.
The gnoll bouda hits you with a +0 club!
The gnoll barely misses you.
The gnoll bouda hits you with a +0 club.
* * * LOW HITPOINT WARNING * * *
The gnoll barely misses you. The gnoll attacks as you move away!
The gnoll barely misses you.
Your attacks no longer feel as feeble.
The gnoll bouda barks out a call to the hunt!
The gnoll picks up the pace!
The gnoll attacks as you move away! The gnoll barely misses you.
The gnoll attacks as you move away!
The gnoll hits you with a +2 flail of holy wrath.
* * * LOW HITPOINT WARNING * * *
The gnoll hits you with a +2 flail of holy wrath!
You die...

#.#.# #.#.##### #..# #
#.#.#... ...#
#.###.#.#)######..##
#........<)...<....
#.###.#.#.#.####..# #
...#.#g#)# #..#
.....#.#.#.####..###.#.
.....>#.#....g.g@.......
#.....#.................
..###.###.#.############
#. #.# #.#.. #.#### #.#
###


You could see a gnoll bouda and a gnoll (swift).

Vanquished Creatures
  Natasha (twice) (D:2)
  2 gnolls
  2 dart slugs
  4 orcs
  An endoplasm (D:1)
  3 giant cockroaches (D:1)
  5 goblins (D:1)
  5 hobgoblins
  2 quokkas
  2 ball pythons (D:1)
  5 bats
  3 frilled lizards (D:1)
  2 kobolds
  A rat (D:1)
39 creatures vanquished.

Notes
Turn   | Place    | Note
-------+----------+-------------------------------------------
     0 | D:1      | Peloso the Minotaur Fighter began the quest for the Orb.
     0 | D:1      | Reached XP level 1. HP: 19/19 MP: 0/0
   191 | D:1      | Reached XP level 2. HP: 6/27 MP: 1/1
   588 | D:1      | Reached XP level 3. HP: 29/33 MP: 2/2
  1304 | D:2      | Noticed Natasha
  1309 | D:2      | Killed Natasha
  1310 | D:2      | Reached XP level 4. HP: 28/40 MP: 3/3
  1398 | D:2      | Noticed Natasha
  1402 | D:2      | Killed Natasha
  1461 | D:2      | You fall into a shaft and drop 2 floors!
  1522 | D:4      | Slain by a gnoll

Illustrated notes

Levels and vault maps discovered:
D:1:      lemuel_arrival_cross, layout_basic, minmay_misc_feat_alley
D:2:      layout_loops_ring, grunt_ministairs_9, uniq_natasha,
          uniq_crazy_yiuf_cottage
D:3:      layout_basic, minitemple, mainiacjoe_overflow_alcove_1,
          fedhas_altar_2, serial_shops, nicolae_lakefront_shop, shop,
          nicolae_square_shop, nicolae_shop_stone, nicolae_shop_behind_doors
D:4:      kennysheep_spiral_hall, layout_basic

Skill      XL: |  1  2  3  4 |
---------------+-------------+-----
Armour         | 4 |  4.9
Long Blades    | 3 4 |  4.2
Fighting       | 4 |  4.2
Shields        | 4 |  4.0
Dodging        | |  0.1

Action                   |  1- 3 |  4- 6 || total
-------------------------+-------+-------++-------
Melee: Long sword        |    68 |    14 ||    82
       Headbutt          |    15 |     3 ||    18
Armor: Chain mail        |    27 |    16 ||    43
       Scale mail        |     2 |       ||     2
Dodge: Dodged            |    33 |    18 ||    51
Block: Buckler           |    14 |     2 ||    16
